cohdb
Replays
Latest Replays
All Replays
Popular Replays
Top Player Replays
Match Explorer
How It Works
Community
CoH3 Stats
Reddit
Sign in to upload your games and track your stats! →
Sign in with Steam
Reakly vs Theodosios (comeback)
Match 26272669
Overview
Messages
Build Orders
End
Royal Engineer Section
Construct Section Command Post
Infantry Section
Infantry Section
Infantry Section
Construct Platoon Command Post
Selects Heavy Armor Battlegroup
Selects Rigorous Vehicle Training
Humber Armored Car
6-pounder Anti-tank Gun Team
Construct Field Infirmary
ML 3-inch Mortar Team
Construct Company Command Post
Crusader II Medium Tank
Selects Crusader AA Medium Tank
Crusader II Medium Tank
Selects Light Vehicle Withdraw and Refit
Selects Radio Net
6-pounder Anti-tank Gun Team
Infantry Section
Selects Recon Artillery
Foot Guards Section
Recon Artillery
Reakly
Theodosios
0
0
Comments
sign in to comment!
No comments posted yet!